 Dungeon Crawl Stone Soup version 0.20-a0-850-ge5a7832 (webtiles) character file.

9433 qpzil the Grappler (level 11, -1/111 HPs)
             Began as a Troll Monk on Mar 9, 2017.
             Was a Follower of Uskayaw.
             Slain by a nine-headed hydra (8 damage)
             ... on level 11 of the Dungeon.
             The game lasted 00:20:45 (7308 turns).

qpzil the Grappler (Troll Monk)                     Turns: 7308, Time: 00:20:46

Health: -1/111     AC: 12    Str: 23    XL:     11   Next: 23%
Magic:  3/10       EV: 13    Int:  6    God:    Uskayaw [*.....]
Gold:   357        SH:  0    Dex: 13    Spells: 10/10 levels left

rFire    . . .     SeeInvis .     - Unarmed
rCold    + . .     Gourm    +   G - +0 troll leather armour
rNeg     . . .     Faith    .   (no shield)
rPois    .         Spirit   .   (helmet restricted)
rElec    .         Reflect  .   s - scarf {rC+}
rCorr    .         Harm     .   (gloves unavailable)
MR       .....                  (boots unavailable)
Stlth    +.........             (no amulet)
Regen    1.1/turn               (no ring)
MPRegen  0.2/turn               I - +5 ring of protection

@: no status effects
A: unfitting armour, claws 3, fast metabolism 3, gourmand, regeneration 1,
shaggy fur 1, tough skin 2
a: Stomp, Renounce Religion


You were on level 11 of the Dungeon.
You worshipped Uskayaw.
Uskayaw was noncommittal.
You were full.

You visited 2 branches of the dungeon, and saw 12 of its levels.

You collected 621 gold pieces.
You spent 264 gold pieces at shops.

Inventory:

Hand Weapons
 F - a +0 blowgun
Missiles
 C - 3 curare-tipped needles
Armour
 a - a +1 robe
 d - a +0 cloak
 s - a scarf of cold resistance (worn)
 G - a +0 troll leather armour (worn)
Jewellery
 E - an uncursed amulet of rage
 I - a +5 ring of protection (left claw)
Wands
 o - a wand of random effects (34/48)
 z - a wand of acid (7/15)
 J - a wand of flame (16/48)
 K - a wand of enslavement (6/24)
 L - a wand of random effects (23/48)
Scrolls
 e - 4 scrolls of identify
 h - a scroll of immolation
 i - 5 scrolls of remove curse
 p - a scroll of enchant armour
 r - a scroll of recharging
 u - 3 scrolls of teleportation
 w - 3 scrolls of enchant weapon
 B - a scroll of fog
 M - a scroll of magic mapping
Potions
 c - a potion of heal wounds {unknown}
 k - 3 potions of haste {unknown}
 m - 9 potions of curing
 n - a potion of magic
 q - 2 potions of resistance {unknown}
 t - a potion of degeneration {unknown}
 v - a potion of flight {unknown}
 x - 2 potions of cancellation {unknown}
 A - 2 potions of invisibility {unknown}
 D - 2 potions of might {unknown}
 H - a potion of brilliance {unknown}
Books
 l - Vehumet's Disquisition on Confrontation
   (You found it on level 4 of the Dungeon)

   Spells                             Type                      Level
   a - Magic Dart                     Conjuration                  1
 y - a book of Air

   Spells                             Type                      Level
   a - Shock                          Conjuration/Air              1
   b - Swiftness                      Charms/Air                   2
   c - Static Discharge               Conjuration/Air              3
   d - Airstrike                      Air                          4
   e - Lightning Bolt                 Conjuration/Air              5
Comestibles
 b - 7 bread rations
 f - 5 meat rations
 g - 10 royal jellies
 j - 2 fruits


   Skills:
 + Level 7.9 Fighting
 + Level 7.9 Dodging
 - Level 1.0 Stealth
 * Level 12.5 Unarmed Combat


You had 10 spell levels left.
You didn't know any spells.

Dungeon Overview and Level Annotations

Branches:
Dungeon (11/15)            Temple (1/1) D:7
   Lair: D:8-11         Orc: D:9-12

Altars:
Ashenzari
Cheibriados
Dithmenos
Elyvilon
Fedhas
Gozag
Hepliaklqana
Kikubaaqudgha
Makhleb
Nemelex Xobeh
Okawaru
Qazlal
Ru
Sif Muna
Trog
Uskayaw
Vehumet
Wu Jian
Xom
Yredelemnul
Zin

Shops:
D:9 !   D:10 *


Innate Abilities, Weirdness & Mutations

You are too large for most types of armour.
You have claws for hands.
Your metabolism is lightning-fast.
You like to eat raw meat.
Your natural rate of healing is unusually fast.
You are covered in fur. (AC +1)
You have very tough skin. (AC +2)


Message History

The nine-headed hydra bites you but does no damage.
The nine-headed hydra bites you.
The nine-headed hydra barely misses you.
The nine-headed hydra bites you.
The nine-headed hydra closely misses you. x2
The nine-headed hydra bites you. The nine-headed hydra bites you!
Aiming: Line Pass
Press: ? - help, Dir - move target cursor The nine-headed hydra appears confused.
You feel quite a bit less full.
You can no longer pass through a line of other dancers.
The troll bites you. The troll barely misses you. The troll claws you.
The nine-headed hydra bites you!
* * * LOW HITPOINT WARNING * * *
The nine-headed hydra bites you!
* * * LOW HITPOINT WARNING * * *
The nine-headed hydra bites you.
* * * LOW HITPOINT WARNING * * *
The nine-headed hydra bites you but does no damage.
The nine-headed hydra bites you!
You die...

......# ########## .+
......# #........####.#
......###..........#..#
......##.#...##...#..#
......'...#..##..#..$#
.)....#....#....#....#
.....>#.....#..#.....#
......##.##..##.D##..#
(#######.##..##T@# ##
(# #[...#..#....# ##
....#....#...#
...#..##..#...# ######
..#... #...#..# ......
#... .....#... ......
..... ..######.. ......
#### ...# .. ...... .#


You could see a nine-headed hydra (confused) and a troll.

Vanquished Creatures
  Erolcha (D:10)
  2 two-headed ogres
  Sonja (D:10)
  An ugly thing (D:10)
  3 trolls
  Prince Ribbit (D:6)
  3 yaks (D:10)
  A wyvern (D:10)
  4 hogs (D:7)
  Eustachio (D:6)
  A human (D:7)
  A water moccasin (D:8)
  4 orc warriors
  An ice beast (D:8)
  A hornet zombie (D:10)
  5 ogres
  2 centaurs
  A phantom (D:7)
  6 bullfrogs
  A water moccasin zombie (D:9)
  4 scorpions
  14 killer bees
  A howler monkey (D:6)
  4 crimson imps
  A quasit (D:10)
  3 hounds
  Crazy Yiuf (D:6)
  A centaur skeleton (D:10)
  A gnoll shaman (D:7)
  11 orc priests
  A bullfrog skeleton (D:4)
  A jelly (D:6)
  2 iguanas
  Ijyb (D:3)
  12 orc wizards
  3 worker ants
  2 hound skeletons (D:4)
  14 gnolls
  10 adders
  A howler monkey skeleton (D:6)
  2 shadow imps
  An adder skeleton (D:4)
  A worm (D:2)
  2 dart slugs
  6 leopard geckos
  34 orcs
  4 bats
  2 giant cockroaches
  8 goblins
  7 hobgoblins
  9 jackals
  6 kobolds
  4 quokkas
  6 frilled lizards
  2 quokka zombies
  9 rats
232 creatures vanquished.

Notes
Turn   | Place    | Note
-------+----------+-------------------------------------------
     0 | D:1      | qpzil the Troll Monk began the quest for the Orb.
     0 | D:1      | Reached XP level 1. HP: 22/22 MP: 0/0
   287 | D:1      | Reached XP level 2. HP: 24/29 MP: 1/1
   858 | D:2      | Reached XP level 3. HP: 11/36 MP: 2/2
   927 | D:2      | Reached skill level 4 in Unarmed Combat
   936 | D:2      | Reached XP level 4. HP: 36/44 MP: 3/3
  1384 | D:2      | Found a shattered altar of Ashenzari.
  1767 | D:3      | Reached XP level 5. HP: 45/53 MP: 4/4
  1900 | D:3      | Noticed Ijyb
  1915 | D:3      | Killed Ijyb
  2026 | D:3      | Found a stormy altar of Qazlal.
  2070 | D:3      | Found an iron altar of Okawaru.
  2211 | D:3      | Reached skill level 5 in Unarmed Combat
  2335 | D:4      | Found a shadowy altar of Dithmenos.
  2471 | D:4      | Reached XP level 6. HP: 48/61 MP: 5/5
  2492 | D:4      | Found an ancient bone altar of Kikubaaqudgha.
  2493 | D:4      | Found a radiant altar of Vehumet.
  2501 | D:4      | Identified Vehumet's Disquisition on Confrontation
  2507 | D:4      | Found a deep blue altar of Sif Muna.
  2971 | D:4      | Found a snail-covered altar of Cheibriados.
  2971 | D:4      | Found a glowing silver altar of Zin.
  3014 | D:5      | Entered Level 5 of the Dungeon
  3151 | D:5      | Reached skill level 6 in Unarmed Combat
  3163 | D:5      | Found a burning altar of Makhleb.
  3185 | D:5      | You fall through a shaft for 2 floors!
  3209 | D:7      | Reached XP level 7. HP: 68/68 MP: 6/6
  3243 | D:6      | Noticed Prince Ribbit
  3253 | D:6      | Killed Prince Ribbit
  3299 | D:6      | Reached skill level 7 in Unarmed Combat
  3379 | D:6      | Reached XP level 8. HP: 77/79 MP: 7/7
  3406 | D:6      | Noticed Eustachio
  3416 | D:6      | Killed Eustachio
  3429 | D:6      | Found a runed door.
  3433 | D:6      | Noticed Crazy Yiuf
  3442 | D:6      | Killed Crazy Yiuf
  3794 | D:7      | Reached skill level 5 in Dodging
  3797 | D:7      | Reached skill level 8 in Unarmed Combat
  3802 | D:7      | Found a staircase to the Ecumenical Temple.
  3827 | Temple   | Entered the Ecumenical Temple
  3954 | Temple   | Became a worshipper of Uskayaw the Reveler
  3954 | Temple   | Reached * piety under Uskayaw
  3972 | D:7      | Found an iron altar of Okawaru.
  3983 | D:7      | Reached ** piety under Uskayaw
  4179 | D:7      | Reached *** piety under Uskayaw
  4377 | D:7      | Reached skill level 5 in Fighting
  4420 | D:7      | Reached **** piety under Uskayaw
  4422 | D:7      | Reached skill level 9 in Unarmed Combat
  4422 | D:7      | Reached XP level 9. HP: 49/88 MP: 8/8
  4425 | D:7      | Reached ***** piety under Uskayaw
  4873 | D:8      | Noticed a two-headed ogre
  4879 | D:8      | Killed a two-headed ogre
  4879 | D:8      | Reached skill level 10 in Unarmed Combat
  5255 | D:8      | Reached XP level 10. HP: 100/100 MP: 9/9
  5275 | D:8      | Found a bloodstained altar of Trog.
  5671 | D:9      | Reached skill level 11 in Unarmed Combat
  5958 | D:9      | Found Xiotor's Distillery.
  5977 | D:9      | Bought a potion of curing for 48 gold pieces
  6058 | D:10     | Entered Level 10 of the Dungeon
  6363 | D:10     | Found Ygoa's Assorted Antiques.
  6371 | D:10     | Bought an embroidered scarf for 216 gold pieces
  6431 | D:10     | Noticed Sonja
  6443 | D:10     | Killed Sonja
  6570 | D:10     | Noticed a white ugly thing
  6579 | D:10     | Killed a white ugly thing
  6579 | D:10     | Reached skill level 12 in Unarmed Combat
  6604 | D:10     | Noticed Erolcha
  6617 | D:10     | Killed Erolcha
  6617 | D:10     | Reached XP level 11. HP: 39/109 MP: 10/10
  7040 | D:11     | Noticed a two-headed ogre
  7048 | D:11     | Killed a two-headed ogre
  7298 | D:11     | Noticed a six-headed hydra
  7308 | D:11     | Slain by a nine-headed hydra

Vault maps used:
D:1:      minmay_arrival_split_and_join
D:2:      lemuel_doored_altar, serial_bayou_lake_a
D:3:      overflow_temple_1_default, old_standard_altar, first_bread, uniq_iyjb
D:4:      grunt_temple_overflow_magic_moments, nicolae_dithmenos_the_darkroom,
          gammafunk_temple_overflow_elements
D:5:      nicolae_overflow_hidden_temple, bloody_makhleb
D:6:      uniq_eustachio, uniq_prince_ribbit1, uniq_crazy_yiuf_cottage
D:7:      minmay_temple_entry_mist, grunt_livestock, okawaru_gym_becter
D:8:      bloody_trog
D:9:      serial_shops, nicolae_shop_crystal
D:10:     serial_shops, nicolae_shop_overgrown_old_shop, serial_glass,
          glass_columns_a, glass_columns_a, uniq_sonja, uniq_erolcha
D:11:     erik_lair_dragon, minivault_26, minivault_15
Temple:   zaba_magenta_temple

Skill      XL: |  1  2  3  4  5  6  7  8  9 10 |
---------------+-------------------------------+-----
Dodging        | 3 4 5 6 7 |  7.9
Unarmed Combat | 4 5 6 7 9 10 12 | 12.5
Fighting       | 3 4 5 6 7 |  7.9
Stealth        | |  1.0

Action                   |  1- 3 |  4- 6 |  7- 9 | 10-12 || total
-------------------------+-------+-------+-------+-------++-------
Melee: Unarmed           |    61 |   227 |   225 |   187 ||   700
       Punch             |       |     4 |    10 |     9 ||    23
Invok: Stomp             |       |       |     1 |     3 ||     4
       Line Pass         |       |       |     1 |     1 ||     2
  Use: Scroll            |       |     8 |       |     7 ||    15
 Stab: Sleeping          |     2 |     4 |     3 |     1 ||    10
       Paralysed         |       |       |     5 |    14 ||    19
  Eat: Bread ration      |     1 |       |       |       ||     1
       Chunk             |     5 |    24 |    18 |    15 ||    62
       Meat ration       |       |       |       |     1 ||     1
Armor: Robe              |    18 |    73 |    52 |    13 ||   156
       Troll leather arm |       |       |       |    61 ||    61
Dodge: Dodged            |    27 |   130 |   119 |   154 ||   430
